 Dungeon Crawl Stone Soup version 0.28-a0-224-g76b539d98b (webtiles) character file.

Game seed: 6661659942593231188

21 bande the Skirmisher (level 2, 0/20 HPs)
             Began as a Gargoyle Fighter on Aug 22, 2021.
             Slain by a gnoll (6 damage)
             ... on level 3 of the Dungeon.
             The game lasted 00:03:19 (1195 turns).

bande the Skirmisher (Gargoyle Fighter)             Turns: 1195, Time: 00:03:19

Health: 0/20       AC:  9    Str: 19    XL:     2   Next: 83%
Magic:  2/2        EV:  7    Int:  8    God:
Gold:   10         SH: 12    Dex:  9    Spells: 1/1 levels left

rFire   . . .      SeeInvis .   a - +0 war axe
rCold   . . .      Faith    .   c - +0 kite shield
rNeg    + . .      Spirit   .   b - +0 scale mail
rPois   ∞          Reflect  .   (no helmet)
rElec   +          Harm     .   (no cloak)
rCorr   .          Rampage  .   (no gloves)
Will    .....                   (no boots)
Stlth   ..........              (no amulet)
HPRegen 0.06/turn               (no ring)
MPRegen 0.08/turn               (no ring)

@: no status effects
A: sickness immunity, AC +2, negative energy resistance 1, electricity
resistance, torment resistance 1, petrification resistance, large bone plates 1,
high mp 1, screaming 1, sturdy frame 1
a: no special abilities


You were on level 3 of the Dungeon.
You visited 1 branch of the dungeon, and saw 4 of its levels.

You collected 22 gold pieces.
You spent 12 gold pieces at shops.

Inventory:

Hand Weapons
 a - a +0 war axe (weapon)
Armour
 b - a +0 scale mail (worn)
 c - a +0 kite shield (worn)
Scrolls
 e - 3 scrolls of amnesia {unknown}
 f - a scroll of enchant weapon {unknown}
Potions
 d - a potion of might
 g - 3 potions of curing


   Skills:
 + Level 3.8 Fighting
 + Level 2.1 Axes
 + Level 3.4 Armour
 + Level 3.4 Shields


You had one spell level left.
You didn't know any spells.
Your spell library contained the following spells:

 Spells                   Type           Power      Damage    Failure   Level
 Call Canine Familiar     Summ           0%         N/A       100%        3
 Portal Projectile        Hex/Tloc       0%         N/A       100%        3
 Stone Arrow              Conj/Erth      0%         3d7       100%        3
 Animate Armour           Summ/Erth      0%         N/A       100%        4
 Leda's Liquefaction      Hex/Erth       0%         N/A       100%        4
 Lehudib's Crystal Spear  Conj/Erth      0%         10d2      100%        8


Dungeon Overview and Level Annotations

Branches:
Dungeon (4/15)
 Temple: D:4-7

Altars:

Shops:
D:1 !


Innate Abilities, Weirdness & Mutations

You are immune to sickness and miasma.
Your stone body is resilient. (AC +2)
You are immune to poison.
You resist negative energy. (rN+)
You are resistant to electric shocks. (rElec)
You are resistant to unholy torment.
You are immune to petrification.
You are partially covered in large bone plates. (SH +4)
You have an increased reservoir of magic. (+10% MP)
You occasionally shout uncontrollably at your foes.
Your movements are slightly less encumbered by armour. (ER -2)


Message History

It was a potion of mutation.
You feel extremely strange.
You feel the urge to shout.
You feel less encumbered by your armour.
You feel more energetic.
Large bone plates grow over parts of your arms.
Found 12 sling bullets.
A rat comes into view.
Found a cabochon ring.
Found 11 stones.
Found a stone staircase leading up.
Found a potion of mutation and 13 sling bullets.
You fall into a shaft and drop 2 floors!
The shaft crumbles and collapses.
Found 13 stones, a book of Armaments and 3 scrolls labelled RAAK HAIVOXEFO.
You see here 13 stones.
You pick up a book of Armaments and begin reading...
You add the spells Stone Arrow, Animate Armour and Lehudib's Crystal Spear to your library.
You see here 13 stones.
Found a scroll labelled TEOSCH LAAF.
e - 3 scrolls labelled RAAK HAIVOXEFO
Found a mace.
Found a stone staircase leading up.
f - a scroll labelled TEOSCH LAAF You yell at the gnoll! 3 gnolls come into view.
The gnoll shouts! x2
The gnoll hits you from afar with a +0 spear.
You block the gnoll's attack.
There is a stone staircase leading up here.
You block the gnoll's attack.
You climb upwards.
There is a stone staircase leading down here.
You closely miss the gnoll. The gnoll hits you but does no damage.
You barely miss the gnoll. The gnoll hits you with a +0 spear.
The gnoll barely misses you.
You closely miss the gnoll. The gnoll hits you with a +0 spear. x2
You hit the gnoll but do no damage. The gnoll hits you with a +0 spear.
You closely miss the gnoll. The gnoll hits you with a +0 spear.
* * * LOW HITPOINT WARNING * * *
The gnoll hits you with a +0 spear.
You die...

.#.
#.# ..
#.#
#.##.#
..#.#
#.#.#
#...#
#..#
#g@#
##.#
..#
####


You could see a gnoll.

Vanquished Creatures
  A giant cockroach (D:1)
  3 goblins (D:1)
  2 hobgoblins (D:1)
  3 quokkas (D:1)
  A ball python (D:1)
  3 bats (D:1)
  4 frilled lizards (D:1)
  2 kobolds (D:1)
  2 rats (D:1)
21 creatures vanquished.

Notes
Turn   | Place    | Note
-------+----------+-------------------------------------------
     0 | D:1      | bande the Gargoyle Fighter began the quest for the Orb.
     0 | D:1      | Reached XP level 1. HP: 14/14 MP: 1/1
   435 | D:1      | Found Jeuf's Distillery.
   446 | D:1      | Reached XP level 2. HP: 20/20 MP: 2/2
   504 | D:1      | Bought a potion of degeneration for 12 gold pieces
   990 | D:1      | Found a faded altar of an unknown god.
  1136 | D:2      | Gained mutation: You occasionally shout uncontrollably at
                  | your foes. [potion of mutation]
  1136 | D:2      | Gained mutation: Your movements are slightly less
                  | encumbered by armour. (ER -2) [potion of mutation]
  1136 | D:2      | Gained mutation: You have an increased reservoir of magic.
                  | (+10% MP) [potion of mutation]
  1136 | D:2      | Gained mutation: You are partially covered in large bone
                  | plates. (SH +4) [potion of mutation]
  1160 | D:2      | You fall into a shaft and drop 2 floors!
  1195 | D:3      | Slain by a gnoll

Illustrated notes

Levels and vault maps discovered:
D:1:      eino_arrival_water_star, layout_basic, serial_shops, shop,
          dilly_ecumenical_altar_fadedgnrine
D:2:      layout_rooms, serial_shops, nicolae_diamond_shop,
          hangedman_decor_peaks_small
D:3:      layout_basic, mainiacjoe_overflow_alcove_2, bloody_trog,
          amethyst_overflow_temple_binary
D:4:      layout_gridville, uniq_eustachio, uniq_blork_the_orc, uniq_natasha

Skill      XL: |  1  2 |
---------------+-------+-----
Axes           | 2 |  2.1
Fighting       | |  3.8
Armour         | |  3.4
Shields        | |  3.4

Action                   || total
-------------------------++-------
Melee: War axe           ||    70
  Use: Potion            ||     2
       Scroll            ||     1
Armor: Scale mail        ||    55
Dodge: Dodged            ||    34
Block: Kite shield       ||    42

Table legend: (Time is in decaauts)
 A = Elapsed time spent in this place.
 B = Non-inter-level travel time spent in this place.
 C = Inter-level travel time spent in this place.
 D = Time resting spent in this place.
 E = Time spent auto-exploring this place.
 F = Levels seen in this place.
 G = Mean time per level.
                   A        B        C        D        E       F      G
               +--------+--------+--------+--------+--------+-----+--------+
         Total |   1238 |   1238 |      0 |    216 |    753 |   4 |  309.5 |
       Dungeon |   1238 |   1238 |      0 |    216 |    753 |   4 |  309.5 |
               +--------+--------+--------+--------+--------+-----+--------+

Top non-repeatable levels by time:
     D:1: 1176 daAuts
     D:4: 29 daAuts
     D:2: 24 daAuts
     D:3: 7 daAuts
